 Dungeon Crawl Stone Soup version 0.27-a0-279-gdfb9265905 (webtiles) character file.

Game seed: 5994366717469059551

14 DavidChitty2 the Sneak (level 2, 0/27 HPs)
             Began as a Minotaur Delver on Feb 7, 2021.
             Succumbed to a worker ant's poison
             ... on level 5 of the Dungeon.
             The game lasted 00:00:46 (74 turns).

DavidChitty2 the Sneak (Minotaur Delver)              Turns: 74, Time: 00:00:47

Health: 0/27       AC:  3    Str: 16    XL:     2   Next: 31%
Magic:  1/1        EV: 12    Int:  7    God:
Gold:   4          SH:  0    Dex: 11    Spells: 1/1 levels left

rFire    . . .     SeeInvis .   a - +0 hand axe
rCold    . . .     Faith    .   (no shield)
rNeg     . . .     Spirit   .   b - +0 leather armour
rPois    .         Reflect  .   (helmet restricted)
rElec    .         Harm     .   (no cloak)
rCorr    .         Rampage  .   (no gloves)
Will     .....                  (no boots)
Stlth    ++........             (no amulet)
HPRegen  0.09/turn              (no ring)
MPRegen  0.07/turn              (no ring)

@: lethally poisoned (0 -> -5)
A: retaliatory headbutt, horns 2
a: no special abilities


You were on level 5 of the Dungeon.
You visited 1 branch of the dungeon, and saw 1 of its levels.

You collected 4 gold pieces.

Inventory:

Hand Weapons
 a - a +0 hand axe (weapon)
Armour
 b - a +0 leather armour (worn)
Wands
 v - a wand of digging (3)
Scrolls
 c - a scroll of fog
 d - a scroll of magic mapping
 e - a scroll of fear
 g - a scroll of enchant armour {unknown}
Potions
 f - a potion of haste {@q3}


   Skills:
 + Level 3.8 Fighting
 * Level 3.0 Axes
 + Level 0.9 Armour
 - Level 2.1 Dodging
 - Level 4.2 Stealth


You had one spell level left.
You didn't know any spells.
Your spell library was empty.

Dungeon Overview and Level Annotations

Branches:
Dungeon (5/15)
 Temple: D:4-7

Altars:


Innate Abilities, Weirdness & Mutations

You reflexively headbutt those who attack you in melee.
You have a pair of horns on your head.


Message History

g - a scroll labelled FEEJASO SUES A worker ant comes into view.
Found a smoky silvery potion.
An ufetubus comes into view.
The worker ant bites you.
You barely miss the worker ant. You hit the ufetubus but do no damage.
The worker ant bites you.
You are poisoned.
The worker ant poisons you!
The ufetubus hits you but does no damage.
The ufetubus hits you.
The worker ant bites you but does no damage.
You hit the ufetubus. You closely miss the worker ant.
You feel sick. The ufetubus closely misses you. The ufetubus hits you.
The worker ant closely misses you. The ufetubus closely misses you.
The ufetubus hits you.
* * * LOW HITPOINT WARNING * * *
You closely miss the ufetubus. Your headbutt misses the ufetubus.
You hit the worker ant but do no damage.
You feel sick. The ufetubus closely misses you.
The ufetubus hits you but does no damage.
The worker ant closely misses you. You furiously retaliate!
You headbutt the worker ant, but do no damage.
The ufetubus hits you but does no damage.
The ufetubus closely misses you.
You hit the ufetubus.
You kill the ufetubus!
You hit the worker ant but do no damage.
The worker ant bites you.
* * * LOW HITPOINT WARNING * * *
The worker ant bites you.
* * * LOW HITPOINT WARNING * * *
Your Axes skill increases to level 3!
Okay, then.
You hit the worker ant.
You headbutt the worker ant, but do no damage.
* * * LOW HITPOINT WARNING * * *
You feel sick.
The worker ant bites you but does no damage.
Okay, then.
You hit the worker ant. Your headbutt misses the worker ant.
The worker ant barely misses you. You furiously retaliate!
You headbutt the worker ant! You closely miss the worker ant.
The worker ant bites you.
* * * LOW HITPOINT WARNING * * *
The worker ant closely misses you. You furiously retaliate!
You headbutt the worker ant. You hit the worker ant.
You kill the worker ant!
You die...

#........## ##.........#
## #.........## .#.##
#........## .....##
#........#
.......#####.......## #
...........#.†....## #.
.............)...#####..
#......@##..............
#..!..†.##########......
#.......# ##.....
#......## ##.....
##..... #...... #.....
##..... #....# #.....
##### #..... #.....


There were no monsters in sight!

Vanquished Creatures
  A worker ant (D:5)
  An adder (D:5)
  An ufetubus (D:5)
3 creatures vanquished.

Notes
Turn   | Place    | Note
-------+----------+-------------------------------------------
     0 | D:5      | DavidChitty2 the Minotaur Delver began the quest for the
                  | Orb.
     0 | D:5      | Reached XP level 1. HP: 19/19 MP: 0/0
    40 | D:5      | Reached XP level 2. HP: 26/27 MP: 1/1
    73 | D:5      | HP: 1/27 [worker ant (1)]
    74 | D:5      | Succumbed to a worker ant's poison

Illustrated notes

Levels and vault maps discovered:
D:5:      layout_cave_pods, okawaru_gym_becter

Skill      XL: |  1  2 |
---------------+-------+-----
Axes           | 3 |  3.0
Fighting       | |  3.8
Armour         | |  0.9
Dodging        | |  2.1
Stealth        | |  4.2

Action                   || total
-------------------------++-------
Melee: Hand axe          ||    11
       Headbutt          ||     2
 Stab: Sleeping          ||     1
Armor: Leather armour    ||     5
Dodge: Dodged            ||    10

Table legend: (Time is in decaauts)
 A = Elapsed time spent in this place.
 B = Non-inter-level travel time spent in this place.
 C = Inter-level travel time spent in this place.
 D = Time resting spent in this place.
 E = Time spent auto-exploring this place.
 F = Levels seen in this place.
 G = Mean time per level.
                   A        B        C        D        E       F      G
               +--------+--------+--------+--------+--------+-----+--------+
         Total |     75 |     75 |      0 |      0 |     52 |   1 |   75.0 |
       Dungeon |     75 |     75 |      0 |      0 |     52 |   1 |   75.0 |
               +--------+--------+--------+--------+--------+-----+--------+

Top non-repeatable levels by time:
     D:5: 75 daAuts
